 Dungeon Sprint DCSS version 0.28-a0-410-gbef64dd269 (webtiles) character file.

Game seed: 65604861002969961

401 dolemite99 the Cleaver (level 6, -5/51 HPs)
             Began as a Minotaur Fighter on Sept 6, 2021.
             Slain by a wyvern (15 damage)
             ... in the Dungeon (Sprint II: "The Violet Keep of Menkaure").
             The game lasted 00:04:28 (733 turns).

dolemite99 the Cleaver (Minotaur Fighter)            Turns: 733, Time: 00:04:29

Health: -5/51      AC: 10    Str: 22    XL:     6   Next: 54%
Magic:  5/5        EV: 10    Int:  5    God:
Gold:   21         SH:  4    Dex: 10    Spells: 5/5 levels left

rFire   . . .      SeeInvis .   a - +0 war axe
rCold   . . .      Faith    .   c - +0 buckler
rNeg    . . .      Spirit   .   b - +0 scale mail
rPois   .          Reflect  .   (helmet restricted)
rElec   .          Harm     .   i - +0 cloak
rCorr   .          Rampage  .   (no gloves)
Will    .....      NoTele   +   (no boots)
Stlth   ..........              (no amulet)
HPRegen 0.17/turn               (no ring)
MPRegen 0.09/turn               (no ring)

@: no status effects
A: horns 2, retaliatory headbutt
a: no special abilities


You were in the Dungeon.
You visited 1 branch You collected 243 gold pieces.
You spent 222 gold pieces at shops.

Inventory:

Hand Weapons
 a - a +0 war axe (weapon)
Armour
 b - a +0 scale mail (worn)
 c - a +0 buckler (worn)
 i - a +0 cloak (worn)
Potions
 d - a potion of lignification
 e - a potion of curing
 f - 2 potions of heal wounds
 g - a potion of haste
 h - 2 potions of magic


   Skills:
 - Level 3.6 Fighting
 - Level 13.7 Axes
 + Level 9.9 Armour
 - Level 3.6 Shields


You had 5 spell levels left.
You didn't know any spells.
Your spell library was empty.

Dungeon Overview and Level Annotations

Branches:
Dungeon (1/1)

Altars:

Shops:
D :=!=(:![*?[=[?:

Annotations:
D exclusion: oklob plant


Innate Abilities, Weirdness & Mutations

You have a pair of horns on your head.
You reflexively headbutt those who attack you in melee.


Message History

There is an entrance to Huvaegh's Antique Weapon Shoppe here.
There is an entrance to Caacuipp's Book Emporium here.
You can access your shopping list by pressing '$'.
There is an entrance to Hofedyti's Jewellery Shoppe here.
You open the door.
There is an open door, spattered with blood here.
You enter the shallow water.
Moving in this stuff is going to be slow.
There is an open door here.
There is an open door here.
You open the door. 2 wyverns come into view.
Found 243 gold pieces.
You hit the wyvern.
The wyvern is lightly wounded.
The wyvern barely misses you. You furiously retaliate!
You headbutt the wyvern. You hit the wyvern but do no damage.
The wyvern is lightly wounded.
The wyvern closely misses you.
You closely miss the wyvern.
The wyvern is lightly wounded.
The wyvern bites you but does no damage.
The wyvern bites you.
You closely miss the wyvern.
The wyvern is lightly wounded.
The wyvern bites you!
You hit the wyvern.
The wyvern is moderately wounded.
The wyvern barely misses you. You furiously retaliate!
You headbutt the wyvern, but do no damage.
You slash the wyvern! Your headbutt misses the wyvern.
The wyvern is almost dead.
The wyvern bites you!
The wyvern hisses menacingly.
You closely miss the wyvern.
The wyvern is almost dead.
The wyvern bites you!
* * * LOW HITPOINT WARNING * * *
The wyvern bites you!
You die...

≈## ##########≈≈#++
#########≈≈≈...
.....∩.∩#≈≈≈≈.#
....∩.∩.#≈≈≈≈## ##
...∩.∩..#≈≈≈≈#.# #.
..∩.∩..÷#≈≈### l#$
.⌠.∩....#≈##.###l#
..∩.∩...#≈##..##@##
...∩.∩..'≈'.##'.<.+
......∩.#≈##..##.##
▓▓▓▓▓▓###≈##.###+#
)DY######≈≈###
[$Y#h ##≈≈≈# ∩PY+.
+#≈# $.$#(# ≈≈# !!(
## ≈≈


You could see 2 wyverns.

Vanquished Creatures
  Menkaure (D)
  A water moccasin (D)
  4 scorpions (D)
6 creatures vanquished.

Vanquished Creatures (others)
  A water moccasin (D)
1 creature vanquished.

Grand Total: 7 creatures vanquished

Notes
Turn   | Place    | Note
-------+----------+-------------------------------------------
     0 | D        | dolemite99 the Minotaur Fighter began the quest for the
                  | Orb.
     0 | D        | Reached XP level 1. HP: 19/19 MP: 0/0
     1 | D        | Noticed a scorpion
     1 | D        | Noticed a scorpion
     1 | D        | Noticed a scorpion
     1 | D        | Noticed a scorpion
     6 | D        | Killed a scorpion
     7 | D        | Reached skill level 9 in Axes
     7 | D        | Reached XP level 2. HP: 19/26 MP: 1/1
     7 | D        | Reached XP level 3. HP: 23/31 MP: 2/2
     9 | D        | Killed a scorpion
    10 | D        | Reached skill level 11 in Axes
    10 | D        | Reached XP level 4. HP: 20/39 MP: 3/3
    11 | D        | Killed a scorpion
    12 | D        | Reached skill level 12 in Axes
    12 | D        | Reached XP level 5. HP: 19/45 MP: 4/4
    14 | D        | Reached skill level 13 in Axes
   131 | D        | Killed a water moccasin
   377 | D        | Found Apruf's Magic Scroll Emporium.
   377 | D        | Found Zaikezeu's General Store.
   377 | D        | Found Fihaz's Antique Armour Shoppe.
   377 | D        | Found Peannael's Antique Armour Shoppe.
   377 | D        | Found Kihihirr's Distillery.
   378 | D        | Found Huvaegh's Antique Weapon Shoppe.
   378 | D        | Found Hepiqoh's Jewellery Emporium.
   378 | D        | Found Idycseng's Armour Shoppe.
   378 | D        | Found Deffycs's Book Shoppe.
   378 | D        | Found Anarghuh's Magic Scroll Emporium.
   379 | D        | Found Derro's Distillery.
   379 | D        | Found Qaggoitzipno's Jewellery Emporium.
   379 | D        | Noticed a yak
   380 | D        | Found Hofedyti's Jewellery Shoppe.
   380 | D        | Found Caacuipp's Book Emporium.
   380 | D        | Noticed a yak
   381 | D        | Noticed a water moccasin
   381 | D        | Noticed a yak
   381 | D        | Noticed an oklob plant
   382 | D        | Found Vodoats's Book Shoppe.
   382 | D        | Noticed an ice dragon
   390 | D        | Killed a water moccasin
   391 | D        | Reached XP level 6. HP: 32/51 MP: 5/5
   438 | D        | Noticed Menkaure
   448 | D        | Killed Menkaure
   684 | D        | Noticed a polar bear
   684 | D        | Noticed a polar bear
   698 | D        | Bought a potion of heal wounds for 60 gold pieces
   700 | D        | Bought a potion of lignification for 36 gold pieces
   702 | D        | Bought a cloak for 126 gold pieces
   726 | D        | Noticed a wyvern
   726 | D        | Noticed a wyvern
   733 | D        | Slain by a wyvern

Illustrated notes

Levels and vault maps discovered:
D:        the_violet_keep_of_menkaure [sprint2_stairs_cluster_1,
          sprint2_shoproom, sprint2_temple, sprint2_basic_supplies,
          sprint2_obstacle_3, sprint2_obstacle_6, sprint2_obstacle_2,
          sprint2_obstacle_1, sprint2_obstacle_4, sprint2_timed_cluster_1,
          sprint2_smallroom_cluster_1, sprint2_smallroom_final_cluster_1,
          sprint2_transparent_cluster_1, sprint2_second_timed_cluster_1,
          sprint2_sniper_area_1, sprint2_heavy_combat_area_1,
          sprint2_mutation_trap_area_1, sprint2_forest_area_1,
          sprint2_light_combat_area_1, sprint2_behind_water_1,
          sprint2_near_end_vault_1]

Skill      XL: |  1  2  3  4  5  6 |
---------------+-------------------+-----
Axes           | 9 11 12 13 | 13.7
Armour         | 8 9 |  9.9
Fighting       | |  3.6
Shields        | |  3.6

Action                   |  1- 3 |  4- 6 || total
-------------------------+-------+-------++-------
Melee: War axe           |     7 |    17 ||    24
  Use: Potion            |     1 |     1 ||     2
       Scroll            |       |     1 ||     1
Armor: Scale mail        |     3 |     2 ||     5
Dodge: Dodged            |     2 |     5 ||     7
Block: Buckler           |       |     2 ||     2

Table legend: (Time is in decaauts)
 A = Elapsed time spent in this place.
 B = Non-inter-level travel time spent in this place.
 C = Inter-level travel time spent in this place.
 D = Time resting spent in this place.
 E = Time spent auto-exploring this place.
 F = Levels seen in this place.
 G = Mean time per level.
                   A        B        C        D        E       F      G
               +--------+--------+--------+--------+--------+-----+--------+
         Total |    738 |    738 |      0 |    642 |     29 |   1 |  738.0 |
       Dungeon |    738 |    738 |      0 |    642 |     29 |   1 |  738.0 |
               +--------+--------+--------+--------+--------+-----+--------+

Top non-repeatable levels by time:
       D: 738 daAuts
